 Dungeon Crawl Stone Soup version 0.29.0-4-gdea44cf6ec (webtiles) character file.

Game seed: 16073994430192408125

16622 qw the Blocker (level 12, -5/110 HPs)
             Began as a Troll Cinder Acolyte on Aug 30, 2022.
             Was a Follower of Okawaru.
             Slain by a cane toad (8 damage)
             ... while petrified by a basilisk
             ... on level 3 of the Lair of Beasts.
             The game lasted 00:05:03 (9119 turns).

qw the Blocker (Troll Cinder Acolyte)               Turns: 9119, Time: 00:05:04

Health: -5/110     AC:  8    Str: 29    XL:     12   Next: 11%
Magic:  12/12      EV:  1    Int: 10    God:    Okawaru [*.....]
Gold:   1245       SH:  0    Dex: 11    Spells: 13/13 levels left

rFire   . . .      SeeInvis .     - Unarmed
rCold   . . .      Faith    .   q - +0 tower shield
rNeg    + + +      Spirit   .   n - +2 robe {rF+}
rPois   inf        Reflect  .   a - +2 hat
rElec   .          Harm     .   (no cloak)
rCorr   .          Rampage  .   (gloves unavailable)
Will    .....                   (boots unavailable)
Stlth   +.........              (no amulet)
HPRegen 1.08/turn               v - +6 ring of dexterity
MPRegen 0.13/turn               j - ring of poison resistance

@: petrified, fire susceptible
A: large, unfitting armour, claws 3, regeneration 1, shaggy fur 1, tough skin 1
a: Renounce Religion, Heroism


You were on level 3 of the Lair of Beasts.
You worshipped Okawaru.
Okawaru was aware of your devotion.
You visited 3 branches of the dungeon, and saw 12 of its levels.

You collected 1245 gold pieces.


Innate Abilities, Weirdness & Mutations

You are too large for most types of armour.
You have claws for hands.
Your natural rate of healing is unusually fast.
You are covered in fur. (AC +1)
You have tough skin. (AC +1)


   Skills:
 + Level 4.9 Fighting
 - Level 4.1 Throwing
 - Level 2.2 Dodging
 - Level 13.0 Shields
 - Level 12.0 Unarmed Combat
 - Level 1.0 Spellcasting
 - Level 2.1 Fire Magic
 + Level 1.4 Invocations


You had 13 spell levels left.
You didn't know any spells.
Your spell library contained the following spells:

 Spells                   Type           Power      Damage    Failure   Level
 Scorch                   Fire           8%         2d5       56%         2

Inventory:

Missiles
 t - a large rock (quivered)
 x - 2 javelins
Armour
 a - a +2 hat (worn)
 d - a +2 robe of willpower
 n - a +2 robe of fire resistance (worn)
 o - +0 steam dragon scales
 q - a +0 tower shield (worn)
Jewellery
 h - a ring of positive energy
 j - a ring of poison resistance (right claw)
 m - a ring of fire
 v - a +6 ring of dexterity (left claw)
Scrolls
 e - 2 scrolls of identify
 s - a scroll of enchant weapon
 w - a scroll of enchant armour
Potions
 b - 2 potions of might
 c - 2 potions of mutation
 f - 5 potions of curing
 g - a potion of haste
 r - a potion of brilliance {unknown}
 u - a potion of resistance {unknown}

Dungeon Overview and Level Annotations

Branches:
Dungeon (8/15)             Temple (1/1) D:6            Lair (3/5) D:8
  Swamp (0/4) Lair:2
  Snake: Lair:2-3    Spider: Lair:2-3

Altars:
Cheibriados
Dithmenos
Elyvilon
Gozag
Hepliaklqana
Kikubaaqudgha
Makhleb
Nemelex Xobeh
Okawaru
Qazlal
Ru
Sif Muna
Trog
Uskayaw
Vehumet
Wu Jian
Yredelemnul
The Shining One

Annotations:
Lair:2 3 runed translucent doors, qw's ghost, journeyman TeWr


Message History

The basilisk gazes at you. You resist with some effort.
You mangle the cane toad!!
The cane toad is severely wounded.
You block the cane toad's attack.
9107 ||| Stepping ~*~*~tactically~*~*~ (outnumbered).
The cane toad attacks as you move away! The cane toad stings you!
The yak attacks as you move away! You block the yak's attack.
The yak attacks as you move away! You block the yak's attack.
The basilisk gazes at you.
You are slowing down.
You claw the cane toad!
The cane toad is almost dead.
The cane toad stings you. You block the cane toad's attack.
The yak closely misses you.
Your limbs are stiffening.
9109 ||| Stepping ~*~*~tactically~*~*~ (outnumbered).
The cane toad attacks as you move away! You block the cane toad's attack.
You block the cane toad's attack.
You have turned to stone.
The yak gores you! x2; The cane toad stings you.
You feel like a meek peon again. The yak gores you. The yak gores you!
The cane toad stings you but does no damage.
The cane toad stings you!! The yak gores you! x2
The yak gores you but does no damage.
The cane toad stings you but does no damage.
The yak gores you. The yak gores you! The yak gores you but does no damage.
The cane toad stings you but does no damage.
The yak gores you.
The yak gores you but does no damage. x2
The cane toad stings you but does no damage.
The yak gores you. The yak gores you but does no damage. The yak gores you.
The cane toad stings you!
The yak gores you! x2; The yak gores you but does no damage.
The cane toad stings you! The cane toad stings you.
The yak gores you! x2; The yak gores you.
The cane toad stings you!
The yak gores you but does no damage. x2
The yak gores you! The cane toad stings you. The yak gores you!
The yak gores you but does no damage. The yak gores you!
The cane toad stings you!
You die...

....................%.....#
..................%.....%.##
#..........................##
#..)...........................
...............................
..............................
...###.###..##........#.#..#..
##.##.Y...>..###.####
###.@Yl....## ## ##FY.....###
#.Y........# #.......>###
#....%...# ##.......# #.......#
#........# ......(.##


You could see 4 yaks, a cane toad and a basilisk.

Vanquished Creatures
  2 hydras (Lair:1)
  A boulder beetle (Lair:2)
  A catoblepas (Lair:1)
  Erica (Lair:2)
  A two-headed ogre (D:8)
  Nergalle (Lair:2)
  Pikel (D:6)
  2 black mambas (Lair:2)
  A torpor snail (Lair:2)
  Maggie (D:6)
  5 cane toads
  2 komodo dragons (Lair:2)
  2 rime drakes
  2 tyrant leeches
  8 blink frogs (Lair:2)
  Sigmund (D:6)
  6 yaks
  A basilisk (Lair:2)
  3 wyverns
  3 fire elementals (Lair:3)
  2 wargs (D:8)
  2 steam dragons
  2 swamp worms (Lair:2)
  8 water moccasins
  An ice beast (D:5)
  An orc warrior (D:8)
  2 ogres
  A black bear (Lair:1)
  12 wolves
  2 centaurs
  A kobold brigand (D:8)
  7 bullfrogs
  A necrophage (D:5)
  2 gnoll sergeants (D:8)
  3 scorpions
  5 wights (D:6)
  A howler monkey (D:6)
  3 hounds
  2 gnoll boudas
  2 orc priests
  A jelly (D:4)
  2 iguanas
  3 orc wizards
  Terence (D:3)
  21 gnolls
  6 adders
  2 shadow imps
  A white imp (D:7)
  An ufetubus (D:7)
  A worm (D:2)
  3 dart slugs (D:1)
  18 orcs
  7 bats
  2 endoplasms (D:1)
  4 giant cockroaches
  4 goblins
  12 hobgoblins
  12 kobolds
  2 quokkas
  5 ball pythons
  A frilled lizard (D:1)
  4 rats
218 creatures vanquished.

Vanquished Creatures (others)
  A fungus (Lair:2)
  6 plants
  6 withered plants (Lair:2)
13 creatures vanquished.

Grand Total: 231 creatures vanquished

Notes
Turn   | Place    | Note
-------+----------+-------------------------------------------
     0 | D:1      | qw the Troll Cinder Acolyte began the quest for the Orb.
     0 | D:1      | Reached XP level 1. HP: 22/22 MP: 1/1
     0 | D:1      | 0 ||| qw: Version: 0.1-a-95-gae9e614
     0 | D:1      | 0 ||| qw: Game counter: 4391
     0 | D:1      | 0 ||| qw: Always use a shield: true
     0 | D:1      | 0 ||| qw: God list: Okawaru
     0 | D:1      | 0 ||| qw: Allow faded altars: false
     0 | D:1      | 0 ||| qw: Do Orc after D:15 true
     0 | D:1      | 0 ||| qw: Do second Lair branch before Depths: true
     0 | D:1      | 0 ||| qw: Lair rune preference: random
     0 | D:1      | 0 ||| qw: Plans: Normal
     0 | D:1      | 0 ||| PLANNING D:1-11
    19 | D:1      | 19 ||| Stepping ~*~*~tactically~*~*~ (hiding).
    20 | D:1      | 20 ||| Stepping ~*~*~tactically~*~*~ (hiding).
    39 | D:1      | Found a faded altar of an unknown god.
    88 | D:1      | Reached XP level 2. HP: 29/29 MP: 2/2
    88 | D:1      | 88 ||| Stepping ~*~*~tactically~*~*~ (stealth).
    90 | D:1      | 90 ||| Stepping ~*~*~tactically~*~*~ (stealth).
    92 | D:1      | 92 ||| Stepping ~*~*~tactically~*~*~ (stealth).
    94 | D:1      | 94 ||| Stepping ~*~*~tactically~*~*~ (hiding).
   146 | D:1      | 146 ||| Stepping ~*~*~tactically~*~*~ (stealth).
   567 | D:1      | 567 ||| Stepping ~*~*~tactically~*~*~ (stealth).
   699 | D:1      | Reached XP level 3. HP: 36/36 MP: 3/3
   826 | D:1      | 826 ||| READING scroll labelled MUKLAU ULIWUE.
   827 | D:1      | 827 ||| READING scroll labelled DIPOIL SOHO.
   845 | D:1      | 845 ||| READING scroll labelled VYHOK FIAWEUDGH.
  1428 | D:2      | Reached XP level 4. HP: 42/44 MP: 4/4
  1546 | D:2      | 1546 ||| UPGRADING to ring of positive energy.
  1547 | D:2      | 1547 ||| READING scroll labelled QOFAHEGOICS.
  1548 | D:2      | 1548 ||| READING 3 scrolls labelled HOUKEI QUNULUE.
  1549 | D:2      | 1549 ||| READING 2 scrolls labelled BUAROI YMIWEDEIG.
  1550 | D:2      | 1550 ||| DRINKING 2 fuming blue potions.
  1551 | D:2      | 1551 ||| DRINKING 2 fizzy dark potions.
  1652 | D:2      | 1652 ||| DROPPING potion of invisibility.
  1653 | D:2      | 1653 ||| DROPPING 2 scrolls of immolation.
  1654 | D:2      | 1654 ||| DROPPING potion of ambrosia.
  1713 | D:3      | Found a bloodstained altar of Trog.
  1717 | D:3      | 1717 ||| Stepping ~*~*~tactically~*~*~ (stealth).
  1724 | D:3      | 1724 ||| Stepping ~*~*~tactically~*~*~ (stealth).
  1768 | D:3      | Found a burning altar of Makhleb.
  1778 | D:3      | Found a glowing golden altar of the Shining One.
  1781 | D:3      | Found an ornate altar of the Wu Jian Council.
  1888 | D:3      | Noticed Terence
  1897 | D:3      | Killed Terence
  1898 | D:3      | Reached XP level 5. HP: 46/50 MP: 5/5
  1975 | D:3      | 1975 ||| Stepping ~*~*~tactically~*~*~ (outnumbered).
  1976 | D:3      | 1976 ||| Stepping ~*~*~tactically~*~*~ (outnumbered).
  1977 | D:3      | 1977 ||| Stepping ~*~*~tactically~*~*~ (outnumbered).
  2291 | D:3      | 2291 ||| READING scroll labelled MOTSU SESO QETZ.
  2292 | D:3      | 2292 ||| DRINKING 2 pink potions.
  2293 | D:3      | 2293 ||| READING 3 scrolls of identify.
  2293 | D:3      | 2293 ||| IDENTIFYING murky pink potion
  2294 | D:3      | 2294 ||| READING 2 scrolls of identify.
  2294 | D:3      | 2294 ||| IDENTIFYING metallic grey potion
  2295 | D:3      | 2295 ||| DROPPING potion of flight.
  2434 | D:4      | 2434 ||| INVOKING Fiery Armour.
  2438 | D:4      | 2438 ||| Stepping ~*~*~tactically~*~*~ (outnumbered).
  2439 | D:4      | 2439 ||| Stepping ~*~*~tactically~*~*~ (outnumbered).
  2440 | D:4      | Reached skill level 6 in Unarmed Combat
  2441 | D:4      | 2441 ||| Stepping ~*~*~tactically~*~*~ (outnumbered).
  2776 | D:4      | 2776 ||| Stepping ~*~*~tactically~*~*~ (stealth).
  2780 | D:4      | 2780 ||| Stepping ~*~*~tactically~*~*~ (stealth).
  2782 | D:4      | 2782 ||| Stepping ~*~*~tactically~*~*~ (hiding).
  2787 | D:4      | 2787 ||| INVOKING Fiery Armour.
  2791 | D:4      | Reached XP level 6. HP: 53/59 MP: 6/6
  2802 | D:4      | 2802 ||| FLEEEEING.
  2993 | D:4      | 2993 ||| DROPPING amulet of magic regeneration.
  2994 | D:4      | 2994 ||| UPGRADING to amulet of guardian spirit.
  2999 | D:4      | 2999 ||| READING scroll labelled FETWAU OMPAX.
  2999 | D:4      | Identified a scroll of acquirement
  2999 | D:4      | 2999 ||| ACQUIRING 755 gold pieces
  2999 | D:4      | Acquired 755 gold pieces
  3011 | D:5      | Entered Level 5 of the Dungeon
  3012 | D:5      | 3012 ||| PLANNING OSSUARY
  3028 | D:5      | 3028 ||| STAIRDANCE
  3066 | D:5      | Noticed an ice beast
  3075 | D:5      | Killed an ice beast
  3133 | D:5      | 3133 ||| Stepping ~*~*~tactically~*~*~ (stealth).
  3149 | D:5      | Found a hazy altar of Hepliaklqana.
  3229 | D:5      | Reached XP level 7. HP: 50/66 MP: 4/7
  3265 | D:5      | 3265 ||| INVOKING Fiery Armour.
  3272 | D:5      | 3272 ||| Stepping ~*~*~tactically~*~*~ (outnumbered).
  3342 | D:5      | Found a white marble altar of Elyvilon.
  3376 | D:5      | Reached skill level 3 in Fighting
  3450 | D:5      | 3450 ||| Stepping ~*~*~tactically~*~*~ (hiding).
  3584 | D:5      | Found a sand-covered staircase.
  3585 | D:5      | 3585 ||| READING scroll labelled NOHIRA IGAXIP.
  3586 | D:5      | 3586 ||| DRINKING 2 puce potions.
  3691 | D:5      | 3691 ||| READING 2 scrolls of identify.
  3691 | D:5      | 3691 ||| IDENTIFYING clear potion
  3692 | D:5      | 3692 ||| DROPPING potion of berserk rage.
  3738 | D:5      | Found a radiant altar of Vehumet.
  3915 | D:5      | 3915 ||| RIP OSSUARY
  3915 | D:5      | 3915 ||| PLANNING D:1-11
  3915 | D:5      | 3915 ||| UPGRADING to ring of poison resistance.
  4053 | D:6      | Noticed Sigmund
  4069 | D:6      | Killed Sigmund
  4106 | D:6      | Noticed Pikel
  4109 | D:6      | Found a staircase to the Ecumenical Temple.
  4115 | D:6      | 4115 ||| INVOKING Fiery Armour.
  4118 | D:6      | Killed Pikel
  4119 | D:6      | Reached XP level 8. HP: 65/75 MP: 4/8
  4172 | D:6      | Reached skill level 1 in Dodging
  4181 | D:6      | 4181 ||| Stepping ~*~*~tactically~*~*~ (outnumbered).
  4183 | D:6      | Noticed Maggie
  4184 | D:6      | 4184 ||| Stepping ~*~*~tactically~*~*~ (outnumbered).
  4201 | D:6      | Killed Maggie
  4202 | D:6      | 4202 ||| Stepping ~*~*~tactically~*~*~ (outnumbered).
  4212 | D:6      | Reached XP level 9. HP: 29/84 MP: 2/9
  4275 | D:6      | 4275 ||| Stepping ~*~*~tactically~*~*~ (stealth).
  4276 | D:6      | 4276 ||| Stepping ~*~*~tactically~*~*~ (stealth).
  4277 | D:6      | 4277 ||| Stepping ~*~*~tactically~*~*~ (stealth).
  4431 | D:6      | Found a sacrificial altar of Ru.
  4661 | D:6      | Found a stormy altar of Qazlal.
  4781 | D:6      | 4781 ||| UPGRADING to +2 robe of fire resistance.
  4791 | D:6      | 4791 ||| DROPPING +0 robe.
  4792 | D:6      | 4792 ||| UPGRADING to +0 tower shield.
  4797 | D:6      | 4797 ||| READING scroll labelled AMPULO EWNEOJA.
  4806 | D:6      | Reached skill level 1 in Shields
  4806 | D:6      | 4806 ||| DRINKING 2 glowing golden potions.
  4809 | D:6      | 4809 ||| Stepping ~*~*~tactically~*~*~ (outnumbered).
  4815 | D:6      | 4815 ||| Stepping ~*~*~tactically~*~*~ (outnumbered).
  4954 | D:7      | Reached skill level 2 in Shields
  5095 | D:7      | Reached skill level 3 in Shields
  5141 | D:7      | Found a hide-covered altar of Uskayaw.
  5316 | D:7      | 5316 ||| READING scroll labelled DIUPTA RIJUO.
  5317 | D:7      | 5317 ||| READING 2 scrolls of identify.
  5317 | D:7      | 5317 ||| IDENTIFYING green potion
  5436 | D:8      | Reached skill level 4 in Shields
  5437 | D:8      | 5437 ||| Stepping ~*~*~tactically~*~*~ (hiding).
  5438 | D:8      | 5438 ||| Stepping ~*~*~tactically~*~*~ (hiding).
  5449 | D:8      | 5449 ||| Stepping ~*~*~tactically~*~*~ (stealth).
  5451 | D:8      | 5451 ||| Stepping ~*~*~tactically~*~*~ (stealth).
  5457 | D:8      | 5457 ||| Stepping ~*~*~tactically~*~*~ (stealth).
  5482 | D:8      | Reached skill level 5 in Shields
  5494 | D:8      | 5494 ||| INVOKING Fiery Armour.
  5558 | D:8      | Found a staircase to the Lair.
  5660 | D:8      | Noticed a two-headed ogre
  5668 | D:8      | 5668 ||| INVOKING Fiery Armour.
  5668 | D:8      | HP: 18/84 [two-headed ogre/+0 giant spiked club (13)]
  5669 | D:8      | 5669 ||| DRINKING 2 potions of heal wounds.
  5670 | D:8      | 5670 ||| Stepping ~*~*~tactically~*~*~ (outnumbered).
  5671 | D:8      | Killed a two-headed ogre
  5747 | D:8      | 5747 ||| Stepping ~*~*~tactically~*~*~ (outnumbered).
  5752 | D:8      | 5752 ||| Stepping ~*~*~tactically~*~*~ (hiding).
  5753 | D:8      | 5753 ||| Stepping ~*~*~tactically~*~*~ (stealth).
  5754 | D:8      | 5754 ||| Stepping ~*~*~tactically~*~*~ (stealth).
  5759 | D:8      | 5759 ||| INVOKING Fiery Armour.
  5770 | D:8      | 5770 ||| Stepping ~*~*~tactically~*~*~ (outnumbered).
  5773 | D:8      | 5773 ||| Stepping ~*~*~tactically~*~*~ (outnumbered).
  5774 | D:8      | 5774 ||| Stepping ~*~*~tactically~*~*~ (outnumbered).
  5774 | D:8      | HP: 21/84 [gnoll/+0 whip[a gnoll sergeant] (1)]
  5775 | D:8      | 5775 ||| DRINKING potion of heal wounds.
  5780 | D:8      | 5780 ||| Stepping ~*~*~tactically~*~*~ (outnumbered).
  5794 | D:8      | 5794 ||| Stepping ~*~*~tactically~*~*~ (outnumbered).
  5806 | D:8      | Reached skill level 6 in Shields
  5808 | D:8      | Reached XP level 10. HP: 43/92 MP: 3/10
  5811 | D:8      | 5811 ||| FLEEEEING.
  5812 | D:8      | 5812 ||| FLEEEEING.
  5813 | D:8      | 5813 ||| FLEEEEING.
  5814 | D:8      | 5814 ||| FLEEEEING.
  5971 | D:8      | Found a sparkling altar of Nemelex Xobeh.
  6165 | D:8      | 6165 ||| PLANNING LAIR
  6165 | D:8      | 6165 ||| READING scroll labelled VAHISE CI KICU.
  6166 | D:8      | 6166 ||| READING scroll labelled CUPLACRERA.
  6167 | D:8      | 6167 ||| DRINKING 3 metallic pink potions.
  6198 | D:8      | 6198 ||| DROPPING 2 potions of lignification.
  6220 | Lair:1   | Entered Level 1 of the Lair of Beasts
  6303 | Lair:1   | Noticed an eight-headed hydra
  6303 | Lair:1   | Noticed a catoblepas
  6304 | Lair:1   | 6304 ||| Stepping ~*~*~tactically~*~*~ (stealth).
  6305 | Lair:1   | 6305 ||| INVOKING Fiery Armour.
  6307 | Lair:1   | Killed a nine-headed hydra
  6308 | Lair:1   | Reached skill level 7 in Shields
  6314 | Lair:1   | 6314 ||| Stepping ~*~*~tactically~*~*~ (cloud).
  6316 | Lair:1   | Killed a catoblepas
  6317 | Lair:1   | Reached skill level 8 in Shields
  6337 | Lair:1   | Reached skill level 9 in Shields
  6603 | Lair:1   | Noticed a cane toad
  6609 | Lair:1   | Killed a cane toad
  6620 | Lair:1   | Noticed a six-headed hydra
  6621 | Lair:1   | 6621 ||| INVOKING Fiery Armour.
  6627 | Lair:1   | Killed an eight-headed hydra
  6628 | Lair:1   | Reached skill level 10 in Shields
  6723 | Lair:1   | 6723 ||| Stepping ~*~*~tactically~*~*~ (stealth).
  6755 | Lair:1   | Noticed a cane toad
  6759 | Lair:1   | Killed a cane toad
  6839 | Lair:1   | Noticed a cane toad
  6841 | Lair:1   | Killed a cane toad
  6842 | Lair:1   | Reached XP level 11. HP: 100/100 MP: 11/11
  7186 | Lair:1   | 7186 ||| UPGRADING to +2 hat.
  7191 | Lair:1   | 7191 ||| UPGRADING to +6 ring of dexterity.
  7193 | Lair:1   | 7193 ||| DRINKING 2 coppery potions.
  7194 | Lair:1   | 7194 ||| READING 3 scrolls of identify.
  7194 | Lair:1   | 7194 ||| IDENTIFYING yellow potion
  7195 | Lair:1   | 7195 ||| READING 2 scrolls of identify.
  7195 | Lair:1   | 7195 ||| IDENTIFYING brown potion
  7196 | Lair:1   | 7196 ||| DROPPING potion of attraction.
  7197 | Lair:1   | 7197 ||| DROPPING potion of degeneration.
  7269 | Lair:2   | 7269 ||| INVOKING Fiery Armour.
  7291 | Lair:2   | Reached skill level 11 in Shields
  7366 | Lair:2   | 7366 ||| DRINKING potion of cancellation.
  7412 | Lair:2   | 7412 ||| INVOKING Fiery Armour.
  7415 | Lair:2   | 7415 ||| Stepping ~*~*~tactically~*~*~ (outnumbered).
  7512 | Lair:2   | Noticed Erica
  7526 | Lair:2   | 7526 ||| INVOKING Fiery Armour.
  7527 | Lair:2   | Killed Erica
  7528 | Lair:2   | Reached skill level 12 in Shields
  7654 | Lair:2   | Noticed Nergalle
  7655 | Lair:2   | 7655 ||| INVOKING Fiery Armour.
  7660 | Lair:2   | 7660 ||| Stepping ~*~*~tactically~*~*~ (outnumbered).
  7661 | Lair:2   | 7661 ||| Stepping ~*~*~tactically~*~*~ (outnumbered).
  7662 | Lair:2   | 7662 ||| Stepping ~*~*~tactically~*~*~ (outnumbered).
  7664 | Lair:2   | 7664 ||| Stepping ~*~*~tactically~*~*~ (outnumbered).
  7665 | Lair:2   | 7665 ||| Stepping ~*~*~tactically~*~*~ (outnumbered).
  7666 | Lair:2   | 7666 ||| Stepping ~*~*~tactically~*~*~ (outnumbered).
  7667 | Lair:2   | 7667 ||| Stepping ~*~*~tactically~*~*~ (outnumbered).
  7669 | Lair:2   | 7669 ||| Stepping ~*~*~tactically~*~*~ (outnumbered).
  7670 | Lair:2   | 7670 ||| Stepping ~*~*~tactically~*~*~ (outnumbered).
  7671 | Lair:2   | 7671 ||| Stepping ~*~*~tactically~*~*~ (outnumbered).
  7672 | Lair:2   | 7672 ||| Stepping ~*~*~tactically~*~*~ (outnumbered).
  7674 | Lair:2   | 7674 ||| Stepping ~*~*~tactically~*~*~ (outnumbered).
  7694 | Lair:2   | Killed Nergalle
  7778 | Lair:2   | 7778 ||| Stepping ~*~*~tactically~*~*~ (outnumbered).
  7779 | Lair:2   | 7779 ||| Stepping ~*~*~tactically~*~*~ (outnumbered).
  7784 | Lair:2   | HP: 23/100 [yak[a torpor snail] (6)]
  7785 | Lair:2   | 7785 ||| READING 2 scrolls of teleportation.
  7786 | Lair:2   | HP: 3/100 [yak[a torpor snail] (9)]
  7905 | Lair:2   | Noticed a boulder beetle
  7933 | Lair:2   | HP: 18/100 [boulder beetle (22)]
  7934 | Lair:2   | 7934 ||| READING scroll of teleportation.
  7935 | Lair:2   | Killed a boulder beetle
  7936 | Lair:2   | Reached skill level 12 in Unarmed Combat
  8079 | Lair:2   | 8079 ||| Stepping ~*~*~tactically~*~*~ (stealth).
  8166 | Lair:2   | 8166 ||| Stepping ~*~*~tactically~*~*~ (outnumbered).
  8167 | Lair:2   | 8167 ||| Stepping ~*~*~tactically~*~*~ (outnumbered).
  8168 | Lair:2   | 8168 ||| Stepping ~*~*~tactically~*~*~ (outnumbered).
  8169 | Lair:2   | 8169 ||| Stepping ~*~*~tactically~*~*~ (outnumbered).
  8170 | Lair:2   | 8170 ||| Stepping ~*~*~tactically~*~*~ (outnumbered).
  8171 | Lair:2   | 8171 ||| Stepping ~*~*~tactically~*~*~ (outnumbered).
  8172 | Lair:2   | 8172 ||| Stepping ~*~*~tactically~*~*~ (outnumbered).
  8173 | Lair:2   | 8173 ||| Stepping ~*~*~tactically~*~*~ (outnumbered).
  8174 | Lair:2   | 8174 ||| Stepping ~*~*~tactically~*~*~ (outnumbered).
  8175 | Lair:2   | 8175 ||| Stepping ~*~*~tactically~*~*~ (outnumbered).
  8176 | Lair:2   | 8176 ||| Stepping ~*~*~tactically~*~*~ (outnumbered).
  8177 | Lair:2   | 8177 ||| STAIRDANCE
  8179 | Lair:1   | 8179 ||| PLANNING TEMPLE
  8223 | Lair:1   | 8223 ||| READING scroll labelled UCRUHELUT.
  8296 | Temple   | Entered the Ecumenical Temple
  8313 | Temple   | 8313 ||| PLANNING CONVERSION TO OKAWARU
  8320 | Temple   | Fell from the grace of Ignis
  8320 | Temple   | Became a worshipper of Warmaster Okawaru
  8321 | Temple   | 8321 ||| PLANNING LAIR
  8321 | Temple   | 8321 ||| REMOVING amulet of guardian spirit.
  8326 | Temple   | 8326 ||| DROPPING amulet of guardian spirit.
  8413 | Lair:2   | 8413 ||| STAIRDANCE
  8415 | Lair:1   | 8415 ||| Stepping ~*~*~tactically~*~*~ (outnumbered).
  8416 | Lair:1   | 8416 ||| Stepping ~*~*~tactically~*~*~ (outnumbered).
  8418 | Lair:1   | 8418 ||| Stepping ~*~*~tactically~*~*~ (outnumbered).
  8419 | Lair:1   | 8419 ||| Stepping ~*~*~tactically~*~*~ (outnumbered).
  8420 | Lair:1   | 8420 ||| Stepping ~*~*~tactically~*~*~ (outnumbered).
  8421 | Lair:1   | 8421 ||| Stepping ~*~*~tactically~*~*~ (outnumbered).
  8554 | Lair:2   | Found a staircase to the Swamp.
  8621 | Lair:2   | 8621 ||| FLEEEEING.
  8628 | Lair:2   | 8628 ||| Stepping ~*~*~tactically~*~*~ (stealth).
  8630 | Lair:2   | 8630 ||| FLEEEEING.
  8638 | Lair:2   | Reached skill level 13 in Shields
  8645 | Lair:2   | Reached XP level 12. HP: 104/109 MP: 12/12
  8650 | Lair:2   | Found a runed translucent gate.
  8650 | Lair:2   | Found a runed translucent gate.
  8650 | Lair:2   | Found a runed translucent gate.
  8651 | Lair:2   | Noticed qw's ghost (journeyman TeWr)
  8651 | Lair:2   | Noticed qw's ghost (journeyman TeWr)
  8821 | Lair:2   | 8821 ||| Stepping randomly (stuck).
  8862 | Lair:3   | Reached * piety under Okawaru
  8864 | Lair:3   | 8864 ||| FLEEEEING.
  8865 | Lair:3   | 8865 ||| FLEEEEING.
  8866 | Lair:3   | 8866 ||| FLEEEEING.
  8867 | Lair:3   | 8867 ||| FLEEEEING.
  8868 | Lair:3   | 8868 ||| STAIRDANCE
  8977 | Lair:3   | 8977 ||| INVOKING Heroism.
  8978 | Lair:3   | 8978 ||| INVOKING Heroism.
  8993 | Lair:3   | 8993 ||| INVOKING Heroism.
  9006 | Lair:3   | Reached skill level 1 in Invocations
  9100 | Lair:3   | 9100 ||| INVOKING Heroism.
  9104 | Lair:3   | 9104 ||| Stepping ~*~*~tactically~*~*~ (outnumbered).
  9107 | Lair:3   | 9107 ||| Stepping ~*~*~tactically~*~*~ (outnumbered).
  9109 | Lair:3   | 9109 ||| Stepping ~*~*~tactically~*~*~ (outnumbered).
  9117 | Lair:3   | HP: 24/110 [yak (6)]
  9119 | Lair:3   | HP: 6/110 [yak (6)]
  9119 | Lair:3   | Slain by a cane toad

Levels and vault maps discovered:
D:1:      minmay_arrival_semitransparent, layout_basic,
          chequers_ecumenical_altar_island
D:2:      layout_basic, minmay_misc_feat_enclosed, minmay_increasing_density
D:3:      layout_basic, grunt_temple_overflow_cloverleaf, uniq_terence
D:4:      layout_basic
D:5:      layout_basic, mainiacjoe_overflow_tiny_flanked,
          nicolae_elyvilon_peaceful_grove, nicolae_overflow_crystal_walls,
          enter_ossuary_5, hangedman_abyss_or_decor_stagger
D:6:      layout_basic, mainiacjoe_overflow_alcove_2,
          mainiacjoe_overflow_six_doors_small, minmay_temple_entry_butterflies,
          uniq_pikel, uniq_sigmund, uniq_maggie
D:7:      layout_cave_pools, mainiacjoe_overflow_concentric_impassable
D:8:      layout_loops_ring, mainiacjoe_overflow_brackets,
          erik_lair_orcish_takeover
Temple:   nicolae_temple_bog_church
Lair:1:   layout_cellular_growth, infiniplex_staircase_pool_2
Lair:2:   layout_big_grid, minmay_swamp_entry_worms, gammafunk_ghost_cemetery,
          serial_bayou_pond_b, uniq_erica, uniq_nergalle
Lair:3:   regret_index_combs_of_tragedy, layout_big_grid,
          hellmonk_spider_entry_not_the_bees, beast_lair_carwin_1

Skill      XL: |  1  2  3  4  5  6  7  8  9 10 11 12 |
---------------+-------------------------------------+-----
Unarmed Combat | 4 5 6 8 10 11 12 | 12.0
Fighting       | 3 4 |  4.9
Dodging        | 1 2 |  2.2
Shields        | 6 10 13 | 13.0
Throwing       | 4 |  4.1
Invocations    | 1 |  1.4
Spellcasting   | |  1.0
Fire Magic     | |  2.1

Action                   |  1- 3 |  4- 6 |  7- 9 | 10-12 || total
-------------------------+-------+-------+-------+-------++-------
Melee: Unarmed           |    94 |   104 |   196 |   313 ||   707
       Punch             |     2 |       |     3 |       ||     5
Throw: Large rock        |       |       |     8 |    38 ||    46
       Javelin           |       |       |     4 |    10 ||    14
Invok: Fiery Armour      |       |     2 |     5 |     6 ||    13
       Heroism           |       |       |       |     3 ||     3
  Use: Scroll            |     3 |     7 |     5 |     7 ||    22
       Potion            |       |     3 |     4 |     3 ||    10
 Stab: Petrified         |       |       |       |     2 ||     2
Armor: Robe              |    26 |    25 |    72 |    89 ||   212
Dodge: Dodged            |    27 |    40 |    61 |    95 ||   223
Block: Tower shield      |       |       |    87 |   298 ||   385

Table legend:
 A = Non-vault XP
 B = Vault XP
 C = Vault XP percentage of total XP
 D = Non-vault monster count
 E = Vault monster count
 F = Vault count percentage of total count
                 A         B        C        D         E       F
            +---------+---------+-------+---------+---------+-------
      Total |   19238 |    4508 |  19.0 |     187 |      28 |  13.0
            +---------+---------+-------+---------+---------+-------
        D:1 |      45 |       0 |   0.0 |      24 |       0 |   0.0
        D:2 |      49 |      17 |  25.8 |       7 |       8 |  53.3
        D:3 |      67 |      32 |  32.3 |      14 |       1 |   6.7
        D:4 |     244 |       0 |   0.0 |      16 |       0 |   0.0
        D:5 |     506 |       0 |   0.0 |      14 |       0 |   0.0
        D:6 |     817 |    1195 |  59.4 |      17 |       3 |  15.0
        D:7 |     425 |       0 |   0.0 |       9 |       0 |   0.0
        D:8 |    1815 |     543 |  23.0 |      29 |       7 |  19.4
     Lair:1 |    6023 |     273 |   4.3 |      21 |       1 |   4.5
     Lair:2 |    8155 |    2177 |  21.1 |      31 |       5 |  13.9
     Lair:3 |    1092 |     271 |  19.9 |       5 |       3 |  37.5
            +---------+---------+-------+---------+---------+-------
